AoeStats
← RedPhosphoru

Arabian Desert

509807309Analyzed
1v1 RM · 3d ago on Sep 28, 2026· 47m 42s· 2 players
Game mode
Random Map
Map size
Tiny (2 player)
Population
200
Speed
Normal
Resources
Standard
Victory
Conquest
Starting age
Dark Age
Ending age
Imperial Age
RankedLock teamsTeams togetherTeam positionsShared explorationLock speedFull tech treeHidden civsTurbo modeCheats
Victory
Defeat
🇺🇸 Jurchens · United States
2318
+23
🇨🇦 Bohemians · Canada
2494
-23
Survivalist
6:55 Loom
11:30 Feudal Age
15:58 Castle Age
16:35 Double-Bit Axe
17:29 Bow Saw
21:09 Pikeman
23:54 Bow Saw
26:20 Scale Mail Armor
28:27 Horse Collar
29:56 Squires
33:36 Chain Mail Armor
46:45 Imperial Age
46:52 Halberdier
RedPhosphoru
9:26 Loom
13:00 Feudal Age
13:20 Man-at-Arms
14:31 Arson
17:33 Castle Age
16:46 Double-Bit Axe
17:37 Light Cavalry
20:05 Bloodlines
23:02 Wheelbarrow
23:55 Husbandry
24:21 Forging
25:12 Town Watch
26:32 Iron Casting
27:06 Scale Barding Armor
29:45 Hand Cart
32:50 Fletching
37:10 Bodkin Arrow
38:29 Bow Saw
38:05 Horse Collar
40:22 Stone Mining
41:57 Chain Barding Armor
Connection lost

Rejoining the realm…

Still unreachable

The connection could not be restored.

Session expired

The server has moved on; the page needs a fresh start.